| TOP OF THE 1ST |
|
Amarillo ThunderHeads batting - Pitching for Joplin Blasters : RHP Abban Sartika
|
|
Pitching: RHP Abban Sartika
|
|
|
Batting: LHB Carlos Guajardo
|
0-0: Ball 1-0: Ball 2-0: Ball 3-0: Called Strike 3-1: Base on Balls
|
|
Batting: LHB Mike Gruszewski
|
0-0: Ball 1-0: Grounds into double play, 6-4-3 (Groundball, 6, EV 106.9 MPH)
|
|
Batting: RHB Bill Flannery
|
0-0: Foul Ball, location: 2F 0-1: Ball 1-1: Foul Ball, location: 2F 1-2: Strikes out looking
|
| Top of the 1st over - 0 runs, 0 hits, 0 errors, 0 left on base; Amarillo 0 - Joplin 0 |
| BOTTOM OF THE 1ST |
|
Joplin Blasters batting - Pitching for Amarillo ThunderHeads : RHP Shane Ford
|
|
Pitching: RHP Shane Ford
|
|
|
Batting: RHB Angel Melendez
|
0-0: Ball 1-0: Ball 2-0: Ball 3-0: Called Strike 3-1: Base on Balls
|
|
Batting: RHB Dustin Peterson
|
0-0: Called Strike 0-1: Grounds into double play, 6-4-3 (Groundball, 6, EV 80.0 MPH)
|
|
Batting: RHB Mike McClung
|
0-0: Ball 1-0: Foul Ball, location: 2F 1-1: Fly out, F5 (Popup, 5SF, EV 88.8 MPH)
|
| Bottom of the 1st over - 0 runs, 0 hits, 0 errors, 0 left on base; Amarillo 0 - Joplin 0 |
| TOP OF THE 2ND |
|
Amarillo ThunderHeads batting - Pitching for Joplin Blasters : RHP Abban Sartika
|
|
Batting: LHB Tony Cisneros
|
0-0: Ball 1-0: Swinging Strike 1-1: Swinging Strike 1-2: Ball 2-2: Fly out, F7 (Flyball, 7S, EV 81.9 MPH)
|
|
Batting: LHB Thie Hofmann
|
0-0: Ball 1-0: Foul Ball, location: 2F 1-1: Ball 2-1: Reached via error on a dropped throw from 3B, E3 (Groundball, 6, EV 82.5 MPH)
|
|
Batting: RHB Jorge Balderama
|
0-0: Called Strike 0-1: Ball 1-1: Ball 2-1: 2-RUN HOME RUN (Flyball, 9LD, EV 94.4 MPH), Distance : 361 ft
|
|
Batting: LHB Bill Mahoney
|
0-0: Ball 1-0: Called Strike 1-1: Reached on error, E5 (Groundball, 5, EV 105.6 MPH)
|
|
Batting: RHB Eddie Vanderjagt
|
0-0: Fly out, F8 (Line Drive, 8LD, EV 93.8 MPH)
|
|
Batting: RHB Dennis Underwood
|
0-0: Ground out 4-3 (Groundball, 4, EV 79.4 MPH)
|
| Top of the 2nd over - 2 runs, 1 hit, 2 errors, 1 left on base; Amarillo 2 - Joplin 0 |
| BOTTOM OF THE 2ND |
|
Joplin Blasters batting - Pitching for Amarillo ThunderHeads : RHP Shane Ford
|
|
Batting: RHB Tanner Holland
|
0-0: Ball 1-0: Called Strike 1-1: Foul Ball, location: 2F 1-2: Ball 2-2: Foul Ball, location: 2F 2-2: Strikes out swinging
|
|
Batting: RHB Cody Marshall
|
0-0: Foul Ball, location: 2F 0-1: Ball 1-1: Ball 2-1: Called Strike 2-2: Strikes out looking
|
|
Batting: LHB Willie Marquez
|
0-0: Ball 1-0: Foul Ball, location: 2F 1-1: Ground out 6-3 (Groundball, 6, EV 80.6 MPH)
|
| Bottom of the 2nd over - 0 runs, 0 hits, 0 errors, 0 left on base; Amarillo 2 - Joplin 0 |
| TOP OF THE 3RD |
|
Amarillo ThunderHeads batting - Pitching for Joplin Blasters : RHP Abban Sartika
|
|
Batting: LHB Carlos Guajardo
|
0-0: Called Strike 0-1: Foul Ball, location: 2F 0-2: Ball 1-2: Ball 2-2: Foul Ball, location: 2F 2-2: Ball 3-2: Hit by Pitch
|
|
Batting: LHB Mike Gruszewski
|
0-0: Called Strike 0-1: Swinging Strike 0-2: Foul Ball, location: 2F 0-2: Foul Ball, location: 2RF, Error on foul ball, E2 0-2: Fly out, F6 (Popup, 6, EV 60.6 MPH)
|
|
Batting: RHB Bill Flannery
|
0-0: Called Strike 0-1: Called Strike 0-2: Ball 1-2: Foul Ball, location: 2F 1-2: SINGLE (Line Drive, 4D, EV 108.1 MPH) Carlos Guajardo to second
|
|
Batting: LHB Tony Cisneros
|
0-0: Ball 1-0: Fly out, F8 (Flyball, 8LM, EV 90.0 MPH)
|
|
Batting: LHB Thie Hofmann
|
0-0: Called Strike 0-1: Ball 1-1: Ball 2-1: Foul Ball, location: 2F 2-2: Ball 3-2: Ground out 1-3 (Groundball, 13, EV 66.9 MPH)
|
| Top of the 3rd over - 0 runs, 1 hit, 1 error, 2 left on base; Amarillo 2 - Joplin 0 |
| BOTTOM OF THE 3RD |
|
Joplin Blasters batting - Pitching for Amarillo ThunderHeads : RHP Shane Ford
|
|
Batting: RHB Mike Stokes
|
0-0: Ball 1-0: Foul Ball, location: 2F 1-1: Called Strike 1-2: Ground out 5-3 (Groundball, 56, EV 103.1 MPH)
|
|
Batting: RHB Alex Valadez
|
0-0: Foul Ball, location: 2F 0-1: Fly out, F8 (Line Drive, 78M, EV 98.1 MPH)
|
|
Batting: RHB Abban Sartika
|
0-0: Ball 1-0: Ball 2-0: Foul Ball, location: 2F 2-1: Foul Ball, location: 2F 2-2: SINGLE (Flyball, 4D, EV 97.5 MPH)
|
|
Batting: RHB Angel Melendez
|
0-0: Ball 1-0: Fly out, F8 (Flyball, 8LS, EV 86.9 MPH)
|
| Bottom of the 3rd over - 0 runs, 1 hit, 0 errors, 1 left on base; Amarillo 2 - Joplin 0 |
| TOP OF THE 4TH |
|
Amarillo ThunderHeads batting - Pitching for Joplin Blasters : RHP Abban Sartika
|
|
Batting: RHB Jorge Balderama
|
0-0: DOUBLE (Line Drive, 3D, EV 105.0 MPH)
|
|
Batting: LHB Bill Mahoney
|
0-0: 2-RUN HOME RUN (Flyball, 9LD, EV 95.0 MPH), Distance : 351 ft
|
|
Batting: RHB Eddie Vanderjagt
|
0-0: Ball 1-0: Called Strike 1-1: SINGLE (Flyball, 8LS, EV 91.2 MPH)
|
|
Batting: RHB Dennis Underwood
|
0-0: Called Strike Eddie Vanderjagt is caught stealing 2nd base 2-4 0-1: Ball 1-1: Ball 2-1: Called Strike 2-2: Fly out, F8 (Line Drive, 8RD, EV 95.0 MPH)
|
|
Batting: LHB Carlos Guajardo
|
0-0: Foul Ball, location: 2F 0-1: Fly out, F7 (Flyball, 7LSF, EV 93.1 MPH)
|
| Top of the 4th over - 2 runs, 3 hits, 0 errors, 0 left on base; Amarillo 4 - Joplin 0 |
| BOTTOM OF THE 4TH |
|
Joplin Blasters batting - Pitching for Amarillo ThunderHeads : RHP Shane Ford
|
|
Batting: RHB Dustin Peterson
|
0-0: Ball 1-0: Swinging Strike 1-1: Ball 2-1: SINGLE (Groundball, 6D, EV 98.8 MPH)
|
|
Batting: RHB Mike McClung
|
0-0: Ball 1-0: Called Strike 1-1: Called Strike 1-2: Strikes out swinging
|
|
Batting: RHB Tanner Holland
|
0-0: Called Strike 0-1: Ball 1-1: Ball 2-1: Called Strike 2-2: Ball 3-2: Base on Balls Dustin Peterson to second
|
|
Batting: RHB Cody Marshall
|
0-0: Ball 1-0: Ball 2-0: Swinging Strike 2-1: Ball 3-1: Base on Balls Dustin Peterson to third Tanner Holland to second
|
|
Batting: LHB Willie Marquez
|
0-0: Ball 1-0: Ball 2-0: Called Strike 2-1: Ball 3-1: Foul Ball, location: 2F 3-2: SINGLE (Groundball, 4M, EV 104.4 MPH) Dustin Peterson scores Tanner Holland to third Cody Marshall to second Runner from 3rd tries for Home, SAFE, throw by CF to home
|
|
Batting: RHB Mike Stokes
|
0-0: Foul Ball, location: 2F 0-1: Swinging Strike 0-2: Foul Ball, location: 2F 0-2: Strikes out swinging
|
|
Batting: RHB Alex Valadez
|
0-0: Foul Ball, location: 2F 0-1: Foul Ball, location: 2F 0-2: Ball 1-2: Ball 2-2: Foul Ball, location: 2F 2-2: SINGLE (Flyball, 78S, EV 90.6 MPH) Cody Marshall to third Willie Marquez to second
|
|
Batting: RHB Abban Sartika
|
0-0: Called Strike 0-1: Called Strike 0-2: Strikes out swinging
|
| Bottom of the 4th over - 2 runs, 3 hits, 0 errors, 3 left on base; Amarillo 4 - Joplin 2 |
| TOP OF THE 5TH |
|
Amarillo ThunderHeads batting - Pitching for Joplin Blasters : RHP Abban Sartika
|
|
Pitching: RHP Robert Carlos
|
|
|
Batting: LHB Mike Gruszewski
|
0-0: Ball 1-0: Called Strike 1-1: Ball 2-1: Ball 3-1: Called Strike 3-2: Strikes out looking
|
|
Batting: RHB Bill Flannery
|
0-0: Ball 1-0: Ground out 5-3 (Groundball, 56, EV 88.1 MPH)
|
|
Batting: LHB Tony Cisneros
|
0-0: Ball 1-0: Called Strike 1-1: Ball 2-1: Ground out 1-3 (Groundball, 15S, EV 70.0 MPH)
|
| Top of the 5th over - 0 runs, 0 hits, 0 errors, 0 left on base; Amarillo 4 - Joplin 2 |
| BOTTOM OF THE 5TH |
|
Joplin Blasters batting - Pitching for Amarillo ThunderHeads : RHP Shane Ford
|
|
Batting: RHB Angel Melendez
|
0-0: Swinging Strike 0-1: Swinging Strike 0-2: Foul Ball, location: 2F 0-2: Strikes out swinging
|
|
Batting: RHB Dustin Peterson
|
0-0: Ball 1-0: Called Strike 1-1: Fly out, F7 (Flyball, 78M, EV 83.1 MPH)
|
|
Batting: RHB Mike McClung
|
0-0: Fly out, F8 (Line Drive, 8LD, EV 86.2 MPH)
|
| Bottom of the 5th over - 0 runs, 0 hits, 0 errors, 0 left on base; Amarillo 4 - Joplin 2 |
| TOP OF THE 6TH |
|
Amarillo ThunderHeads batting - Pitching for Joplin Blasters : RHP Robert Carlos
|
|
Batting: LHB Thie Hofmann
|
0-0: Ball 1-0: Called Strike 1-1: Ball 2-1: Swinging Strike 2-2: Foul Ball, location: 2F 2-2: Foul Ball, location: 2F 2-2: Foul Ball, location: 2F 2-2: Strikes out swinging
|
|
Batting: RHB Jorge Balderama
|
0-0: Ball 1-0: Called Strike 1-1: Foul Ball, location: 2F 1-2: Fly out, F9 (Flyball, 89S, EV 93.8 MPH)
|
|
Batting: LHB Bill Mahoney
|
0-0: DOUBLE (Line Drive, 78D, EV 108.1 MPH)
|
|
Batting: RHB Eddie Vanderjagt
|
0-0: Called Strike 0-1: Swinging Strike 0-2: Strikes out looking
|
| Top of the 6th over - 0 runs, 1 hit, 0 errors, 1 left on base; Amarillo 4 - Joplin 2 |
| BOTTOM OF THE 6TH |
|
Joplin Blasters batting - Pitching for Amarillo ThunderHeads : RHP Shane Ford
|
|
Pitching: RHP Jose Ramirez
|
|
|
Batting: RHB Tanner Holland
|
0-0: Swinging Strike 0-1: Swinging Strike 0-2: SINGLE (Groundball, 4MD, EV 98.8 MPH)
|
|
Batting: RHB Cody Marshall
|
0-0: Fielders Choice at 2nd, 1-6 (Groundball, 13S, EV 66.9 MPH)
|
|
Batting: LHB Willie Marquez
|
0-0: Swinging Strike 0-1: Fly out, F9 (Flyball, 89S, EV 80.0 MPH)
|
|
Batting: RHB Mike Stokes
|
0-0: Swinging Strike 0-1: Ball 1-1: Ball 2-1: Ball 3-1: SINGLE (Flyball, 34D, EV 85.0 MPH) Cody Marshall to second Runner from 2nd tries for 3rd, SAFE, throw by RF made to third
|
|
Pinch Hitting: RHB Luis Mendoza
|
0-0: Called Strike 0-1: Foul Ball, location: 2F 0-2: Foul Ball, location: 2F 0-2: Strikes out swinging
|
| Bottom of the 6th over - 0 runs, 2 hits, 0 errors, 2 left on base; Amarillo 4 - Joplin 2 |
| TOP OF THE 7TH |
|
Amarillo ThunderHeads batting - Pitching for Joplin Blasters : RHP Robert Carlos
|
|
Now in CF: Nate Brewer
|
|
|
Batting: RHB Dennis Underwood
|
0-0: Called Strike 0-1: Ball 1-1: SOLO HOME RUN (Flyball, 78XD, EV 99.4 MPH), Distance : 409 ft
|
|
Batting: LHB Carlos Guajardo
|
0-0: Swinging Strike 0-1: Swinging Strike 0-2: Strikes out swinging
|
|
Batting: LHB Mike Gruszewski
|
0-0: Foul Ball, location: 2F 0-1: Foul Ball, location: 2F 0-2: Ball 1-2: Ground out 4-3 (Groundball, 34, EV 103.1 MPH)
|
|
Batting: RHB Bill Flannery
|
0-0: Ball 1-0: Ground out 6-3 (Groundball, 6, EV 86.9 MPH)
|
| Top of the 7th over - 1 run, 1 hit, 0 errors, 0 left on base; Amarillo 5 - Joplin 2 |
| BOTTOM OF THE 7TH |
|
Joplin Blasters batting - Pitching for Amarillo ThunderHeads : RHP Jose Ramirez
|
|
Batting: RHB Abban Sartika
|
0-0: Ball 1-0: Ball 2-0: SOLO HOME RUN (Flyball, 89XD, EV 110.6 MPH), Distance : 413 ft
|
|
Pinch Hitting: RHB Carlos Castillo
|
0-0: Ball 1-0: Ball 2-0: Swinging Strike 2-1: Ball 3-1: Fly out, F6 (Popup, 15, EV 85.6 MPH)
|
|
Batting: RHB Dustin Peterson
|
0-0: Ball 1-0: Foul Ball, location: 2F 1-1: Ball 2-1: Called Strike 2-2: Foul Ball, location: 2F 2-2: Ball 3-2: Foul Ball, location: 2F 3-2: Strikes out looking
|
|
Batting: RHB Mike McClung
|
0-0: Ball 1-0: Ground out 5-3 (Groundball, 56S, EV 89.4 MPH)
|
| Bottom of the 7th over - 1 run, 1 hit, 0 errors, 0 left on base; Amarillo 5 - Joplin 3 |
| TOP OF THE 8TH |
|
Amarillo ThunderHeads batting - Pitching for Joplin Blasters : RHP Robert Carlos
|
|
Now at 2B: Bobby Leon
|
|
|
Batting: LHB Tony Cisneros
|
0-0: SINGLE (Groundball, 34D, EV 100.6 MPH)
|
|
Batting: LHB Thie Hofmann
|
0-0: Called Strike 0-1: Foul Ball, location: 2F 0-2: 2-RUN HOME RUN (Flyball, 7LD, EV 99.4 MPH), Distance : 382 ft
|
|
Batting: RHB Jorge Balderama
|
0-0: Ball 1-0: Called Strike 1-1: Ball 2-1: Ball 3-1: Foul Ball, location: 2F 3-2: Strikes out swinging
|
|
Batting: LHB Bill Mahoney
|
0-0: Ball 1-0: Foul Ball, location: 2F 1-1: Ball 2-1: Ball 3-1: Called Strike 3-2: Base on Balls
|
|
Batting: RHB Eddie Vanderjagt
|
0-0: Ball Bill Mahoney is caught stealing 2nd base 2-4 1-0: Ball 2-0: Called Strike 2-1: Called Strike 2-2: Foul Ball, location: 2F 2-2: DOUBLE (Flyball, 9LM, EV 106.2 MPH)
|
|
Pitching: RHP Rade Mamula
|
|
|
Batting: RHB Dennis Underwood
|
0-0: Ball 1-0: Ball 2-0: Ball 3-0: Called Strike 3-1: Fly out, F7 (Flyball, 7LS, EV 95.6 MPH)
|
| Top of the 8th over - 2 runs, 3 hits, 0 errors, 1 left on base; Amarillo 7 - Joplin 3 |
| BOTTOM OF THE 8TH |
|
Joplin Blasters batting - Pitching for Amarillo ThunderHeads : RHP Jose Ramirez
|
|
Batting: RHB Tanner Holland
|
0-0: Ball 1-0: Fly out, F9 (Line Drive, 89S, EV 96.2 MPH)
|
|
Batting: RHB Cody Marshall
|
0-0: Swinging Strike 0-1: Ball 1-1: Foul Ball, location: 2F 1-2: Ball 2-2: Strikes out swinging
|
|
Batting: LHB Willie Marquez
|
0-0: Ball 1-0: Called Strike 1-1: Ball 2-1: Fly out, F9 (Flyball, 9D, EV 101.2 MPH)
|
| Bottom of the 8th over - 0 runs, 0 hits, 0 errors, 0 left on base; Amarillo 7 - Joplin 3 |
| TOP OF THE 9TH |
|
Amarillo ThunderHeads batting - Pitching for Joplin Blasters : RHP Rade Mamula
|
|
Batting: LHB Carlos Guajardo
|
0-0: Ball 1-0: Called Strike 1-1: Called Strike 1-2: Foul Ball, location: 2F 1-2: Ground out U3 (Groundball, 34, EV 103.1 MPH)
|
|
Batting: LHB Mike Gruszewski
|
0-0: Ball 1-0: Ball 2-0: Fly out, F9 (Flyball, 9, EV 97.5 MPH)
|
|
Batting: RHB Bill Flannery
|
0-0: Foul Ball, location: 2F 0-1: SINGLE (Line Drive, 89S, EV 106.9 MPH)
|
|
Batting: LHB Tony Cisneros
|
0-0: Called Strike 0-1: Fly out, F7 (Flyball, 78M, EV 91.9 MPH)
|
| Top of the 9th over - 0 runs, 1 hit, 0 errors, 1 left on base; Amarillo 7 - Joplin 3 |
| BOTTOM OF THE 9TH |
|
Joplin Blasters batting - Pitching for Amarillo ThunderHeads : RHP Jose Ramirez
|
|
Pitching: RHP Javier Chavez
|
|
|
Batting: RHB Mike Stokes
|
0-0: Fly out, F7 (Flyball, 7S, EV 88.8 MPH)
|
|
Pinch Hitting: RHB Colin Padgett
|
0-0: Swinging Strike 0-1: Called Strike 0-2: Foul Ball, location: 2F 0-2: Foul Ball, location: 2F 0-2: Ball 1-2: Strikes out looking
|
|
Batting: RHB Abban Sartika
|
0-0: Ball 1-0: Called Strike 1-1: Ball 2-1: Called Strike 2-2: Foul Ball, location: 2F 2-2: Foul Ball, location: 2F 2-2: Foul Ball, location: 2F 2-2: Strikes out looking
|
| Bottom of the 9th over - 0 runs, 0 hits, 0 errors, 0 left on base; Amarillo 7 - Joplin 3 |
|